 Dungeon Crawl Stone Soup version 0.23.2-30-g0e89c35649 (webtiles) character file.

Game seed: 1514821912741224416

459 HASTUR3 the Grave Robber (level 6, -3/41 HPs)
             Began as a Mummy Necromancer on June 19, 2019.
             Was an Initiate of Gozag.
             Slain by a crimson imp (4 damage)
             ... on level 5 of the Dungeon on June 20, 2019.
             The game lasted 00:24:06 (4051 turns).

HASTUR3 the Grave Robber (Mummy Necromancer)        Turns: 4051, Time: 00:24:07

Health: -3/41      AC:  5    Str: 12    XL:     6   Next: 78%
Magic:  4/13       EV: 12    Int: 16    God:    Gozag
Gold:   318        SH:  0    Dex: 12    Spells: 6/15 levels left

rFire    x . .     SeeInvis .   m - +0 rapier
rCold    + + .     Gourm    .   (no shield)
rNeg     + + +     Faith    .   p - +2 robe {rC+}
rPois    ∞         Spirit   .   (no helmet)
rElec    .         Reflect  .   (no cloak)
rCorr    .         Harm     .   (no gloves)
MR       .....                  c - +0 pair of boots
Stlth    ++........             (no amulet)
HPRegen  0.13/turn              d - ring of wizardry
MPRegen  0.13/turn              (no ring)

@: no status effects
A: no food or potions, fire vulnerability, cold resistance 1, negative energy
resistance 3, torment resistance, unbreathing
a: Potion Petition, Call Merchant, Bribe Branch, Renounce Religion


You were on level 5 of the Dungeon.
You worshipped Gozag.
Gozag was aware of your devotion.
You were not hungry.

You visited 1 branch of the dungeon, and saw 5 of its levels.

You collected 364 gold pieces.
You paid 46 gold pieces to Gozag.

Inventory:

Hand Weapons
 m - a +0 rapier (weapon)
Armour
 c - a +0 pair of boots (worn)
 p - a +2 robe of cold resistance (worn)
Jewellery
 d - a ring of wizardry (left hand)
Wands
 n - a wand of polymorph (12)
Scrolls
 a - 2 scrolls of noise
 f - 3 scrolls of identify
 h - 2 scrolls of amnesia
 i - a scroll of enchant weapon


   Skills:
 - Level 1.5 Dodging
 - Level 1.5 Stealth
 - Level 5.2 Spellcasting
 - Level 7.0 Necromancy
 + Level 1.3 Evocations


You had 6 spell levels left.
You knew the following spells:

 Your Spells              Type           Power        Failure   Level  Hunger
a - Pain                  Necr           ####         1%          1    N/A
b - Animate Skeleton      Necr           N/A          1%          1    N/A
c - Vampiric Draining     Necr           ####......   1%          3    N/A
d - Animate Dead          Necr           N/A          3%          4    N/A

Your spell library contained the following spells:

 Spells                   Type           Power        Failure   Level  Hunger
 Regeneration             Chrm/Necr      Unusable     N/A         3    N/A

Dungeon Overview and Level Annotations

Branches:
Dungeon (5/15)             Temple (0/1) D:4

Altars:
Gozag


Innate Abilities, Weirdness & Mutations

You do not eat or drink.
Your flesh is vulnerable to fire.
You are immune to poison.
Your flesh is cold resistant. (rC+)
You are immune to negative energy. (rN+++)
You are immune to unholy pain and torment.
You can survive without breathing.


Message History

The leopard gecko hisses angrily.
You hit the crimson imp but do no damage.
The crimson imp completely misses you.
You miss the crimson imp.
The centaur skeleton is no longer distracted by gold.
The crimson imp becomes distracted by the nearby gold, dreaming of imaginary riches.
The centaur skeleton hits you.
* * * LOW HITPOINT WARNING * * *
The crimson imp shouts!
You hit the centaur skeleton.
The centaur skeleton is heavily damaged.
The leopard gecko is no longer distracted by gold.
The crimson imp is no longer distracted by gold.
The centaur skeleton misses you. The crimson imp hits you.
* * * LOW HITPOINT WARNING * * *
The centaur skeleton hits you.
* * * LOW HITPOINT WARNING * * *
The crimson imp hits you.
You die...
Your body crumbles into a pile of gold.

###...........
####........#
..........#.##
$
##..##....Z.#
#.. #.##..##
#. #####$### #
#...# ###Z#
#@# #5# #l#
#.. ##. .. #.
##


You could see a crimson imp, a leopard gecko and a centaur skeleton.

Vanquished Creatures
  A scorpion (D:4)
  A howler monkey (D:4)
  A hound (D:3)
  An iguana (D:4)
  2 orc wizards
  5 worker ants
  A hound skeleton (D:4)
  4 adders
  2 oozes
  3 worms
  2 dart slugs
  A leopard gecko (D:3)
  7 orcs
  5 giant cockroaches
  4 goblins
  10 hobgoblins
  4 jackals (D:5)
  A quokka (D:4)
  A ball python (D:1)
  4 bats
  3 frilled lizards
  4 kobolds
  8 rats
75 creatures vanquished.

Vanquished Creatures (collateral kills)
  3 bats
  A hobgoblin (D:2)
  A kobold (D:2)
  2 rats (D:2)
7 creatures vanquished.

Grand Total: 82 creatures vanquished

Notes
Turn   | Place    | Note
-------+----------+-------------------------------------------
     0 | D:1      | HASTUR3 the Mummy Necromancer began the quest for the Orb.
     0 | D:1      | Reached XP level 1. HP: 13/13 MP: 4/4
     2 | D:1      | Learned a level 1 spell: Animate Skeleton
   187 | D:1      | You fall through a shaft!
   215 | D:2      | Noticed a worker ant
   505 | D:3      | Reached XP level 2. HP: 19/19 MP: 1/6
  1311 | D:3      | Reached XP level 3. HP: 8/24 MP: 0/8
  1968 | D:1      | Reached skill level 5 in Necromancy
  2017 | D:1      | Learned a level 3 spell: Vampiric Draining
  2204 | D:2      | Reached XP level 4. HP: 23/30 MP: 6/10
  2676 | D:3      | Found an opulent altar of Gozag.
  2684 | D:3      | Became a worshipper of Gozag Ym Sagoz the Greedy
  2852 | D:3      | Found a faded altar of an unknown god.
  2878 | D:3      | Reached XP level 5. HP: 27/35 MP: 3/11
  3234 | D:4      | Reached skill level 6 in Necromancy
  3367 | D:4      | Found a staircase to the Ecumenical Temple.
  3430 | D:4      | Reached XP level 6. HP: 28/41 MP: 5/12
  3435 | D:4      | Reached skill level 7 in Necromancy
  3475 | D:4      | Learned a level 4 spell: Animate Dead
  3728 | D:5      | Entered Level 5 of the Dungeon
  3913 | D:4      | Reached skill level 5 in Spellcasting
  3981 | D:5      | Reached skill level 1 in Evocations
  4051 | D:5      | HP: 2/41 [crimson imp (2)]
  4051 | D:5      | Slain by a crimson imp

Skill      XL: |  1  2  3  4  5  6 |
---------------+-------------------+-----
Spellcasting   | 3 4 5 |  5.2
Necromancy     | 5 6 7 |  7.0
Evocations     | 1 |  1.3
Dodging        | |  1.5
Stealth        | |  1.5

Action                   |  1- 3 |  4- 6 || total
-------------------------+-------+-------++-------
Melee: Unarmed           |     3 |       ||     3
       Short sword       |    18 |    12 ||    30
       Rapier            |       |   112 ||   112
 Cast: Pain              |    71 |    37 ||   108
       Animate Skeleton  |    10 |     5 ||    15
       Vampiric Draining |       |    27 ||    27
  Use: Scroll            |       |    10 ||    10
 Stab: Sleeping          |     2 |     3 ||     5
Armor: Robe              |    12 |    33 ||    45
Dodge: Dodged            |    36 |   124 ||   160
